AoeStats
← Fluvialgeomorphologist

Black Forest

508590036Analyzed
3v3 RM · 9d ago on Sep 23, 2026· 49m 57s· 6 players
Game mode
Random Map
Map size
Normal (6 player)
Population
200
Speed
Normal
Resources
Standard
Victory
Conquest
Starting age
Dark Age
Ending age
Imperial Age
RankedLock teamsTeams togetherTeam positionsShared explorationLock speedFull tech treeHidden civsTurbo modeCheats
Victory
Defeat
🇦🇺 Persians · Australia
909
+18
🇨🇴 Bohemians · Colombia
902
+18
🇺🇸 Mongols · United States
898
+18
🇻🇪 Danes · Venezuela
981
-20
🇺🇸 Chinese · United States
944
-18
🇻🇪 Wu · Venezuela
904
-16
Fluvialgeomorphologist
1:13 Loom
12:18 Feudal Age
13:21 Double-Bit Axe
13:21 Horse Collar
16:00 Castle Age
17:49 Wheelbarrow
17:47 Bow Saw
20:48 Town Watch
21:25 Hand Cart
25:03 Gold Mining
25:53 Gold Mining
25:54 Stone Mining
31:11 Imperial Age
29:52 Husbandry
30:06 Bloodlines
30:11 Forging
30:06 Scale Barding Armor
30:02 Padded Archer Armor
30:03 Scale Mail Armor
29:55 Fletching
32:36 Iron Casting
32:21 Chain Barding Armor
32:45 Stone Shaft Mining
32:46 Gold Shaft Mining
32:41 Onager
32:45 Capped Ram
33:28 Nomads
34:33 Drill
35:16 Conscription
34:21 Light Cavalry
35:02 Siege Ram
36:47 Blast Furnace
36:04 Leather Archer Armor
36:24 Caravan
37:28 Squires
38:25 Pikeman
38:35 Hussar
39:52 Town Patrol
40:15 Man-at-Arms
42:07 Elite Steppe Lancer
47:16 Elite Mangudai
48:32 Hoardings
TigerishBoss76
0:37 Loom
12:47 Feudal Age
18:28 Castle Age
16:55 Double-Bit Axe
18:25 Horse Collar
24:29 Crossbowman
27:25 Fletching
31:02 Bodkin Arrow
32:29 Bow Saw
39:33 Imperial Age
37:11 Heavy Plow
38:53 Chemistry
40:23 Wheelbarrow
40:43 Conscription
41:11 Arbalester
46:24 Elite Hussite Wagon
Aquillo
12:28 Feudal Age
13:05 Double-Bit Axe
18:01 Castle Age
16:04 Horse Collar
16:33 Stone Mining
20:20 Bow Saw
20:14 Heavy Plow
25:07 Town Watch
25:58 Wheelbarrow
29:20 Imperial Age
26:44 Loom
27:30 Forging
27:26 Scale Barding Armor
27:30 Gold Mining
28:00 Hand Cart
27:34 Fishing Lines
28:06 Husbandry
28:17 Bloodlines
29:16 Cavalier
30:59 Iron Casting
30:45 Chain Barding Armor
30:58 Kamandaran
32:59 Blast Furnace
33:19 Chemistry
32:40 Ballistics
32:03 Capped Ram
33:11 Thumb Ring
32:26 Crossbowman
33:17 Town Patrol
32:59 Savar
34:39 Crop Rotation
35:53 Plate Barding Armor
35:09 Fletching
35:20 Padded Archer Armor
36:03 Conscription
37:27 Two-Man Saw
37:06 Gold Shaft Mining
36:19 Elite War Elephant
37:37 Masonry
37:24 Murder Holes
37:28 Bodkin Arrow
37:35 Gillnets
38:41 Leather Archer Armor
39:12 Architecture
40:23 Ring Archer Armor
40:15 Citadels
41:15 Devotion
42:47 Siege Ram
47:21 Fervor
DecrepitoX
14:54 Feudal Age
16:18 Double-Bit Axe
18:58 Castle Age
20:08 Fishing Lines
21:53 Bow Saw
22:49 Wheelbarrow
22:40 Horse Collar
22:53 Stone Mining
26:19 Heavy Plow
29:00 Stone Shaft Mining
28:15 Gold Mining
28:22 Gillnets
30:20 Hand Cart
32:11 Scale Mail Armor
32:13 Padded Archer Armor
32:04 Fletching
35:46 Imperial Age
33:29 Bodkin Arrow
33:54 Leather Archer Armor
33:37 Murder Holes
34:03 Ballistics
35:31 Loom
37:11 Conscription
36:53 Elite Chu Ko Nu
38:49 Two-Man Saw
38:27 Ring Archer Armor
37:57 Bracer
37:59 Scale Mail Armor
38:09 Forging
39:02 Chemistry
38:12 Fortified Wall
38:13 Masonry
37:49 Arrowslits
39:37 Rocketry
40:51 Gold Shaft Mining
41:02 Chain Mail Armor
41:23 Iron Casting
41:34 Heavy Rocket Cart
42:27 Great Wall
Chavetox
0:31 Loom
11:55 Feudal Age
18:47 Castle Age
17:25 Double-Bit Axe
17:22 Horse Collar
20:36 Fishing Lines
21:00 Heavy Plow
24:33 Bow Saw
28:40 Wheelbarrow
34:52 Imperial Age
32:39 Bloodlines
32:35 Husbandry
33:42 Gold Mining
34:08 Caravan
35:33 Hand Cart
35:06 Town Watch
37:35 Chemistry
37:06 Ballistics
37:52 Town Patrol
38:09 Elite Varangian Guard
39:59 Forging
39:52 Scale Mail Armor
39:18 Light Cavalry
40:33 Elite Jomsviking
41:32 Onager
43:01 Siege Onager
44:06 Siege Engineers
44:21 Pikeman
NexTz
12:47 Feudal Age
12:27 Loom
17:47 Castle Age
15:39 Stone Mining
15:45 Double-Bit Axe
16:20 Horse Collar
16:55 Gold Mining
25:21 Wheelbarrow
24:45 Fletching
32:32 Imperial Age
31:34 Bow Saw
31:41 Padded Archer Armor
32:02 Town Watch
33:45 Conscription
34:43 Gold Shaft Mining
36:39 Ballistics
37:21 Chemistry
36:55 Bodkin Arrow
37:25 Leather Archer Armor
38:08 Pikeman
38:49 Squires
39:25 Hand Cart
40:19 Two-Man Saw
40:31 Bracer
41:30 Town Patrol
41:05 Elite Fire Archer
41:54 Treadmill Crane
42:42 Red Cliffs Tactics
43:29 Forging
43:20 Scale Mail Armor
44:29 Sitting Tiger
44:53 Heavy Plow
Connection lost

Rejoining the realm…

Still unreachable

The connection could not be restored.

Session expired

The server has moved on; the page needs a fresh start.